details: 'Movie returns....'

« prev index next »

General information

Mini Map

Players

team 1
UndeadWesFSTGDB (orange | 93 APM | 3022 actions | 32:34)
Hero icon 7 Death Knight
Ability icon 3 Death Coil
Ability icon 3 Unholy Aura
Ability icon 1 Animate Dead
Hero icon 6 Dark Ranger
Ability icon 2 Black Arrow
Ability icon 3 Silence
Ability icon 1 Charm
Hero icon 3 Archmage
Ability icon 2 Summon Water Elemental
Ability icon 1 Mass Teleport

» actions
Assign group hotkey32
Basic commands750
Build / train85
ESC pressed3
Enter build submenu26
Enter hero's abilities submenu16
Give item / drop item2
Right click983
Select / deselect451
Select group hotkey518
Use ability156
3022 total
» units
Acolyte2
Ghoul3
Crypt Fiend10
Obsidian Statue4
Frost Wyrm6
Mortar Team5
Flying Machine4
34 total
» upgrades
Creature Attack3
Creature Carapace2
Web1
Destroyer Form1
7 total
» buildings
Graveyard1
Crypt1
Ziggurat8
Altar of Darkness1
Tomb of Relics2
Nerubian Tower1
Halls of the Dead2
Black Citadel2
Slaughterhouse1
Sacrificial Pit1
Boneyard2
Necropolis1
Barracks1
Town Hall1
25 total
» build order
00:41 Graveyard
00:44 Crypt
01:03 Ziggurat
01:10 Altar of Darkness
01:46 Tomb of Relics
02:09 Ziggurat
02:14 Nerubian Tower
05:22 Halls of the Dead
05:24 Ziggurat
06:14 Ziggurat
07:57 Black Citadel
08:29 Ziggurat
08:31 Slaughterhouse
10:17 Sacrificial Pit
11:45 Boneyard
11:47 Boneyard
12:37 Ziggurat
20:04 Necropolis
22:45 Ziggurat
22:46 Ziggurat
23:45 Tomb of Relics
29:53 Barracks
32:00 Town Hall
» items
Rod of Necromancy1
Dust of Appearance1
Potion of Healing2
Scroll of Healing3
Scroll of Town Portal3
Orb of Corruption1
Scroll of Protection1
12 total
Random» Humandeathknights (purple | 70 APM | 1465 actions | 21:01)
Hero icon 4 Archmage
Ability icon 2 Blizzard
Ability icon 2 Brilliance Aura

» actions
Assign group hotkey42
Basic commands28
Build / train116
Enter build submenu44
Enter hero's abilities submenu4
Remove unit from queue3
Right click473
Select / deselect383
Select group hotkey266
Use ability106
1465 total
» units
Peasant13
Mortar Team9
Sorceress15
Goblin Shredder3
Flying Machine8
48 total
» upgrades
Masonry2
Gunpowder3
Lumber Harvesting1
Fragmentation Shards1
Sorceress Training2
Flare1
Plating2
Flak Cannons2
Flying Machine Bombs2
16 total
» buildings
Lumber Mill2
Farm17
Altar of Kings1
Scout Tower10
Guard Tower13
Keep2
Blacksmith1
Arcane Vault1
Castle3
Workshop2
Arcane Sanctum2
Town Hall2
56 total
» build order
00:21 Lumber Mill
00:37 Farm
00:55 Farm
01:03 Farm
01:16 Farm
01:20 Altar of Kings
01:25 Scout Tower
01:30 Scout Tower
01:35 Farm
01:47 Farm
02:00 Scout Tower
02:01 Guard Tower
02:01 Guard Tower
02:06 Scout Tower
02:11 Farm
03:14 Keep
03:16 Guard Tower
03:16 Guard Tower
03:16 Guard Tower
03:25 Farm
03:35 Farm
03:39 Scout Tower
04:09 Lumber Mill
04:12 Guard Tower
04:12 Guard Tower
04:17 Farm
04:27 Blacksmith
04:37 Arcane Vault
04:46 Farm
05:21 Scout Tower
05:35 Castle
05:36 Castle
05:41 Workshop
05:46 Workshop
05:52 Guard Tower
05:52 Guard Tower
05:52 Guard Tower
07:00 Arcane Sanctum
10:02 Town Hall
11:03 Farm
11:04 Farm
12:49 Farm
13:59 Farm
16:01 Farm
16:02 Farm
16:12 Scout Tower
16:13 Scout Tower
16:14 Scout Tower
16:37 Scout Tower
16:51 Arcane Sanctum
17:08 Guard Tower
19:54 Town Hall
» items
Scroll of Regeneration3
Scroll of Town Portal5
Lesser Clarity Potion1
9 total
UndeadMoVIEsCEneS (teal | 72 APM | 2360 actions | 32:33)
Hero icon 8 Death Knight
Ability icon 3 Death Coil
Ability icon 3 Unholy Aura
Ability icon 1 Animate Dead
Ability icon 1 Death Pact
Hero icon 8 Lich
Ability icon 3 Frost Nova
Ability icon 3 Frost Armor
Ability icon 1 Death and Decay
Ability icon 1 Dark Ritual

» actions
Assign group hotkey74
Basic commands268
Build / train102
Enter build submenu19
Enter hero's abilities submenu16
Give item / drop item5
Remove unit from queue2
Right click866
Select / deselect381
Select group hotkey486
Use ability141
2360 total
» units
Acolyte6
Ghoul3
Crypt Fiend11
Frost Wyrm22
Flying Machine10
52 total
» upgrades
Burrow1
Creature Attack3
Creature Carapace3
Web1
Freezing Breath1
9 total
» buildings
Graveyard1
Crypt1
Altar of Darkness1
Ziggurat9
Tomb of Relics1
Nerubian Tower1
Halls of the Dead3
Black Citadel1
Sacrificial Pit1
Boneyard2
Necropolis2
23 total
» build order
00:09 Graveyard
00:11 Crypt
00:42 Altar of Darkness
00:58 Ziggurat
01:29 Tomb of Relics
01:58 Ziggurat
02:17 Nerubian Tower
03:40 Halls of the Dead
03:41 Halls of the Dead
03:41 Halls of the Dead
04:08 Ziggurat
05:42 Ziggurat
06:03 Black Citadel
07:15 Sacrificial Pit
07:19 Ziggurat
08:32 Boneyard
08:34 Boneyard
09:55 Ziggurat
10:32 Ziggurat
12:46 Ziggurat
13:12 Necropolis
13:53 Ziggurat
32:08 Necropolis
» items
Rod of Necromancy2
Dust of Appearance1
Potion of Mana4
Potion of Healing1
Scroll of Town Portal3
Orb of Corruption2
Scroll of Healing5
18 total
NightElfJAMBON_SEC (yellow | 1 APM | 31 actions | 24:55)

» actions
Build / train5
Enter build submenu1
Right click7
Select / deselect16
Use ability2
31 total
» units
Wisp5
5 total
» buildings
Moon Well1
1 total
» build order
01:26 Moon Well
team 2
Random» Orckurt111angle (red | 67 APM | 2031 actions | 30:14)
Hero icon 5 Tauren Chieftain
Ability icon 3 Endurance Aura
Ability icon 2 War Stomp
Hero icon 4 Shadow Hunter
Ability icon 2 Healing Wave
Ability icon 2 Hex

» actions
Assign group hotkey20
Basic commands176
Build / train91
Enter build submenu24
Enter hero's abilities submenu9
Give item / drop item4
Right click613
Select / deselect642
Select group hotkey333
Use ability118
2031 total
» units
Peon16
Grunt4
Kodo Beast1
Tauren3
Shaman12
Troll Witch Doctor6
Gryphon Rider1
Wind Rider3
Troll Batrider7
Dragonhawk Rider3
56 total
» upgrades
Armor3
Shaman Training2
Witch Doctor Training2
Melee Weapons2
Ranged Weapons3
12 total
» buildings
Orc Burrow9
Altar of Storms1
Barracks1
Voodoo Lounge1
Stronghold1
Great Hall2
War Mill2
Fortress1
Spirit Lodge2
Beastiary2
Tauren Totem2
Gryphon Aviary2
26 total
» build order
00:10 Orc Burrow
00:15 Altar of Storms
00:39 Barracks
01:34 Orc Burrow
02:03 Voodoo Lounge
03:33 Stronghold
04:15 Great Hall
04:48 Orc Burrow
04:54 War Mill
06:43 Fortress
06:50 Spirit Lodge
07:53 Spirit Lodge
08:18 Beastiary
09:13 Tauren Totem
09:31 Orc Burrow
09:35 Orc Burrow
10:24 War Mill
10:31 Orc Burrow
11:11 Orc Burrow
12:33 Tauren Totem
13:13 Orc Burrow
14:16 Orc Burrow
17:07 Beastiary
25:52 Gryphon Aviary
25:55 Gryphon Aviary
28:59 Great Hall
» items
Healing Salve2
Rod of Necromancy1
Orb of Lightning1
Lesser Clarity Potion1
Scroll of Town Portal3
Periapt of Vitality1
Circlet of Nobility1
10 total
Random» Undeadbrew-masters (pink | 56 APM | 1817 actions | 32:33)
Hero icon 6 Death Knight
Ability icon 3 Death Coil
Ability icon 3 Unholy Aura
Hero icon 4 Dreadlord
Ability icon 2 Vampiric Aura
Ability icon 2 Sleep
Hero icon 1 Tauren Chieftain
Ability icon 1 Reincarnation

» actions
Assign group hotkey32
Basic commands7
Build / train78
Enter build submenu32
Enter hero's abilities submenu11
Give item / drop item3
Remove unit from queue2
Right click706
Select / deselect435
Select group hotkey433
Use ability77
1817 total
» units
Acolyte13
Ghoul3
Crypt Fiend7
Frost Wyrm8
Spell Breaker4
Knight4
Gryphon Rider-1
Dragonhawk Rider3
41 total
» upgrades
Creature Attack2
Creature Carapace2
Web1
5 total
» buildings
Crypt1
Graveyard1
Altar of Darkness1
Ziggurat16
Tomb of Relics1
Nerubian Tower1
Halls of the Dead2
Sacrificial Pit1
Black Citadel1
Spirit Tower2
Boneyard2
Necropolis1
Farm2
32 total
» build order
00:27 Crypt
00:34 Graveyard
01:00 Altar of Darkness
01:05 Ziggurat
01:35 Ziggurat
02:00 Tomb of Relics
02:10 Nerubian Tower
04:15 Halls of the Dead
04:58 Ziggurat
05:00 Ziggurat
07:34 Ziggurat
07:35 Ziggurat
07:36 Ziggurat
07:50 Sacrificial Pit
08:12 Black Citadel
08:59 Spirit Tower
11:13 Boneyard
11:25 Boneyard
11:42 Ziggurat
11:43 Ziggurat
11:46 Ziggurat
11:49 Ziggurat
12:32 Ziggurat
12:33 Ziggurat
16:02 Spirit Tower
16:22 Necropolis
17:40 Farm
18:51 Halls of the Dead
19:23 Farm
20:04 Ziggurat
20:20 Ziggurat
20:47 Ziggurat
» items
Rod of Necromancy1
Potion of Healing1
Lesser Clarity Potion1
Scroll of Regeneration2
Scroll of Town Portal5
Orb of Corruption1
11 total
Random» Humanfullclip (green | 58 APM | 892 actions | 15:27)
Hero icon 3 Archmage
Ability icon 2 Blizzard
Ability icon 1 Brilliance Aura
Hero icon 1 Pit Lord
Ability icon 1 Rain of Fire

» actions
Assign group hotkey10
Basic commands18
Build / train72
ESC pressed5
Enter build submenu24
Enter hero's abilities submenu4
Give item / drop item1
Right click408
Select / deselect265
Select group hotkey17
Use ability68
892 total
» units
Peasant15
Footman7
Goblin Shredder1
Rifleman1
Knight3
Spell Breaker2
Gryphon Rider3
Priest3
Dragonhawk Rider2
37 total
» upgrades
Defend1
Masonry3
Lumber Harvesting2
Swords2
Plating2
Armor2
Magic Sentry1
Control Magic1
Storm Hammers1
Animal War Training1
Priest Training1
17 total
» buildings
Farm9
Barracks2
Altar of Kings1
Scout Tower7
Arcane Tower1
Lumber Mill1
Arcane Vault3
Guard Tower3
Keep1
Blacksmith1
Town Hall1
Castle1
Arcane Sanctum1
Gryphon Aviary1
33 total
» build order
00:09 Farm
00:18 Barracks
00:26 Altar of Kings
00:51 Scout Tower
01:32 Farm
01:38 Farm
02:18 Arcane Tower
02:21 Scout Tower
02:23 Scout Tower
02:53 Farm
03:08 Lumber Mill
03:42 Arcane Vault
04:28 Guard Tower
04:34 Guard Tower
05:24 Keep
05:36 Blacksmith
06:17 Farm
06:56 Town Hall
08:15 Castle
08:41 Arcane Sanctum
08:57 Scout Tower
08:58 Scout Tower
09:00 Scout Tower
09:00 Scout Tower
10:03 Guard Tower
10:17 Arcane Vault
10:18 Farm
10:20 Gryphon Aviary
13:08 Arcane Vault
13:50 Barracks
14:40 Farm
14:41 Farm
14:42 Farm
» items
Scroll of Regeneration3
Scroll of Town Portal1
Orb of Fire1
5 total
Random» HumanSapito (blue | 52 APM | 1613 actions | 30:49)
Hero icon 4 Paladin
Ability icon 2 Holy Light
Ability icon 2 Divine Shield
Hero icon 3 Mountain King
Ability icon 2 Storm Bolt
Ability icon 1 Bash
Hero icon 1 Pit Lord
Ability icon 1 Howl of Terror
Hero icon 1 Archmage
Ability icon 1 Brilliance Aura

» actions
Assign group hotkey36
Build / train76
Enter build submenu22
Enter hero's abilities submenu10
Give item / drop item1
Remove unit from queue2
Right click703
Select / deselect427
Select group hotkey255
Use ability81
1613 total
» units
Peasant10
Rifleman10
Mortar Team4
Siege Engine14
Gryphon Rider7
Spell Breaker1
Dragonhawk Rider1
47 total
» upgrades
Gunpowder3
Long Rifles1
Armor1
Fragmentation Shards1
Barrage1
Plating2
9 total
» buildings
Altar of Kings2
Farm14
Barracks1
Blacksmith1
Arcane Vault1
Lumber Mill1
Scout Tower2
Arcane Tower1
Guard Tower1
Keep1
Castle1
Workshop3
Town Hall2
31 total
» build order
00:07 Altar of Kings
00:10 Altar of Kings
00:37 Farm
01:07 Farm
01:31 Barracks
01:41 Blacksmith
01:56 Farm
02:13 Arcane Vault
02:26 Lumber Mill
02:43 Farm
03:19 Scout Tower
03:24 Farm
03:52 Scout Tower
04:02 Arcane Tower
04:27 Guard Tower
05:56 Keep
07:10 Farm
07:11 Farm
07:12 Farm
07:12 Farm
08:41 Castle
10:19 Workshop
10:23 Workshop
11:00 Farm
11:01 Farm
11:02 Farm
11:03 Farm
19:59 Workshop
22:12 Town Hall
22:52 Farm
23:29 Town Hall
» items
Healing Salve1
Scroll of Regeneration1
Scroll of Town Portal1
3 total

Chat log

(00:27 / Allies) deathknights: cc
(00:34 / Allies) deathknights: get towers for def
(00:34 / Allies) MoVIEsCEneS: ILL TAKE HIS EXPO
(00:46 / Allies) WesFSTGDB: sup movie
(00:49 / Allies) MoVIEsCEneS: YOYO
(00:54 / Allies) MoVIEsCEneS: JUST STARTED PLAYING AGAIN XD
(00:55 / Allies) WesFSTGDB: you're not in GGL anymore are you?
(01:05 / Allies) WesFSTGDB: welcome back
(01:08 / Allies) MoVIEsCEneS: NO I WAS SHAMAN AND THEN I UNINSTALL MIKE KICKED ME LOL
(01:09 / Allies) MoVIEsCEneS: LOL TY
(01:15 / Allies) WesFSTGDB: lol
(01:20 / Allies) MoVIEsCEneS: im going to become a solo pro
(01:23 / Allies) MoVIEsCEneS: thats my last goal
(01:25 / Allies) MoVIEsCEneS: wit this dead game
(01:35 / Allies) MoVIEsCEneS: i cant find rt for shit
(01:37 / Allies) MoVIEsCEneS: at is hard to find
(01:49 / Allies) WesFSTGDB: you're telling me
(01:49 / Allies) MoVIEsCEneS: wtf
(02:00 / Allies) WesFSTGDB: amazed this search was only 5 minutes, only because it's Saturday
(02:11 / Allies) MoVIEsCEneS: true

(03:12 / Allies) deathknights: get some towers
(03:15 / Allies) MoVIEsCEneS: stfu?
(03:31 / Allies) MoVIEsCEneS: i shud be tellin u wtf to do idiot
(03:32 / Allies) MoVIEsCEneS: now stfu
(03:33 / Allies) WesFSTGDB: lol
(03:37 / Allies) WesFSTGDB: you're talking to a pro purple
(03:40 / Allies) WesFSTGDB: relax.. we got this
(03:44 / Allies) MoVIEsCEneS: lmao
(03:55 / Allies) MoVIEsCEneS: this kid tried tellin me to get towers
(03:56 / Allies) MoVIEsCEneS: LOL
(03:57 / Allies) deathknights: lol
(04:01 / Allies) deathknights: u guys need to chill
(04:16 / Allies) MoVIEsCEneS: srry im gay
(04:40 / Allies) MoVIEsCEneS: so uh
(04:43 / Allies) MoVIEsCEneS: hmm
(04:44 / Allies) WesFSTGDB: he's like still afk lol
(04:48 / Allies) WesFSTGDB: yellow just feed teal
(04:49 / Allies) MoVIEsCEneS: anf went afk
(05:02 / Allies) MoVIEsCEneS: yea feed me more
(05:23 / Allies) MoVIEsCEneS: hey retard wood my ass

(06:42 / Allies) MoVIEsCEneS: rofl
(06:45 / Allies) MoVIEsCEneS: he fed me 3k
(07:28 / Allies) MoVIEsCEneS: purple how bad are you
(07:29 / Allies) MoVIEsCEneS: wtf
(07:36 / Allies) deathknights: shut ur bitch ass up
(07:38 / Allies) deathknights: got it?
(07:45 / Allies) WesFSTGDB: few more morts then lets go
(07:50 / Allies) WesFSTGDB: we can win with mas morts actually
(08:09 / All) MoVIEsCEneS: raped
(08:15 / All) Sapito: maphacking
(08:16 / Allies) WesFSTGDB: come purple
(08:17 / All) Sapito: its easy to
(08:18 / All) MoVIEsCEneS: um
(08:19 / All) MoVIEsCEneS: i think
(08:22 / All) MoVIEsCEneS: its impossible to hack
(08:23 / All) MoVIEsCEneS: atm
(08:26 / All) MoVIEsCEneS: least what i heard
(08:35 / All) Sapito: stfu u mh
(08:41 / All) MoVIEsCEneS: green to my base
(08:42 / All) MoVIEsCEneS: yea i hack
(08:44 / Allies) WesFSTGDB: take expo purple

(09:59 / Allies) WesFSTGDB: out
(10:02 / Allies) WesFSTGDB: wtf are you at purple
(10:07 / Allies) WesFSTGDB: GO MROT SMOEONE
(10:09 / Allies) MoVIEsCEneS: 2v4 lets go
(10:10 / Allies) deathknights: stfu
(10:35 / Allies) WesFSTGDB: we go back
(11:05 / Allies) MoVIEsCEneS: yellow feed me cunt
(11:20 / Allies) WesFSTGDB: meet come purple
(11:23 / Allies) WesFSTGDB: we can fuck pink up
(11:28 / Allies) WesFSTGDB: yards we can stop those
(11:40 / Allies) WesFSTGDB: purple come middle with me
(11:49 / Allies) MoVIEsCEneS: et web
(12:41 / All) MoVIEsCEneS: come here newbs
(13:24 / Allies) MoVIEsCEneS: purp thank us for the win
(13:27 / Allies) MoVIEsCEneS: or i kill ur whole base
(13:44 / Allies) WesFSTGDB: go
(13:58 / Allies) MoVIEsCEneS: purple
(14:02 / Allies) MoVIEsCEneS: u miss something?
(14:07 / Allies) WesFSTGDB: he's invis
(14:09 / Allies) WesFSTGDB: going to rape reds base
(14:19 / Allies) deathknights: shut ur bitch ass up god damn it
(14:23 / Allies) MoVIEsCEneS: lol
(14:29 / Allies) WesFSTGDB: rofl
(14:29 / Allies) deathknights: when i told u to tower up u told me to shut up
(14:34 / Allies) deathknights: now it's time for me to do it

(15:39 / All) MoVIEsCEneS: sup
(15:45 / Allies) MoVIEsCEneS: out
(16:19 / Allies) MoVIEsCEneS: anyone need gold
(17:00 / Allies) MoVIEsCEneS: need me?
(17:08 / Allies) WesFSTGDB: shortly
(17:18 / Allies) JAMBON_SEC: sorry
(17:23 / Allies) WesFSTGDB: come now we can rape them
(17:27 / Allies) WesFSTGDB: ok nm
(17:28 / Allies) WesFSTGDB: wait
(17:41 / All) JAMBON_SEC: my mom called me for the first time since 1y on skype
(17:43 / Allies) MoVIEsCEneS: im goin 100 food
(17:50 / All) MoVIEsCEneS: its 3v4 and w are gonna win
(17:50 / Allies) WesFSTGDB: k pt
(18:00 / All) MoVIEsCEneS: maybe
(18:00 / All) MoVIEsCEneS: lol
(18:24 / Allies) JAMBON_SEC: gj

(20:56 / Allies) WesFSTGDB: getting atp
(21:01 / All) MoVIEsCEneS: 2v4 go
(21:02 / All) MoVIEsCEneS: bring it nig
(21:40 / Allies) MoVIEsCEneS: christ
(21:42 / Allies) MoVIEsCEneS: all on me
(22:15 / Allies) MoVIEsCEneS: keep making
(22:35 / Allies) MoVIEsCEneS: wow
(22:37 / Allies) MoVIEsCEneS: they got a lot
(22:41 / Allies) WesFSTGDB: yeah they do

(23:41 / Allies) WesFSTGDB: i got shop anywhere
(23:43 / Allies) WesFSTGDB: fukcing gay
(23:56 / Allies) MoVIEsCEneS: yellow
(24:11 / Allies) MoVIEsCEneS: tp?
(24:12 / Allies) WesFSTGDB: don;t tp yet
(24:19 / Allies) WesFSTGDB: K GO
(24:19 / Allies) WesFSTGDB: GO
(24:21 / Allies) MoVIEsCEneS: he has twrs
(24:25 / Allies) MoVIEsCEneS: go

(25:37 / All) MoVIEsCEneS: rofl
(26:02 / Allies) MoVIEsCEneS: prob best rt in awhile
(26:45 / Allies) WesFSTGDB: i got
(26:48 / Allies) WesFSTGDB: charm
(26:51 / Allies) WesFSTGDB: so let me get some units hwen you see em
(26:52 / Allies) MoVIEsCEneS: ;o
(27:47 / All) MoVIEsCEneS: gg
(27:54 / All) Sapito: leaving?
(28:15 / All) WesFSTGDB: YES I GOT LUST
(28:25 / Allies) MoVIEsCEneS: kill tanker
(29:18 / Allies) MoVIEsCEneS: s0 man tank
(29:40 / Allies) MoVIEsCEneS: wood?
(29:57 / Allies) MoVIEsCEneS: lets hit
(30:10 / Allies) MoVIEsCEneS: rofl
(30:52 / All) MoVIEsCEneS: bgg
(30:53 / All) MoVIEsCEneS: gagasdg
(30:55 / All) MoVIEsCEneS: get owned
(31:39 / All) MoVIEsCEneS: why are u here
(31:54 / Allies) MoVIEsCEneS: lol
(31:56 / Allies) MoVIEsCEneS: peasent
(31:59 / Allies) MoVIEsCEneS: nice
(32:01 / Allies) WesFSTGDB: lol
(32:07 / Allies) WesFSTGDB: gonna get me an mk
(32:17 / Allies) MoVIEsCEneS: lewl